 Dungeon Crawl Stone Soup version 0.23.1 (webtiles) character file.

Game seed: 0

11594 Luthien the Devastator (level 11, -4/57 HPs)
             Began as a Deep Elf Wizard on Mar 14, 2019.
             Was a Believer of Vehumet.
             Slain by a four-headed hydra (7 damage)
             ... on level 11 of the Dungeon on Mar 15, 2019.
             The game lasted 01:42:34 (16798 turns).

Luthien the Devastator (Deep Elf Wizard)           Turns: 16798, Time: 01:42:35

Health: -4/57      AC:  8    Str:  4    XL:     11   Next: 51%
Magic:  28/28      EV: 15    Int: 24    God:    Vehumet [**....]
Gold:   662        SH:  0    Dex: 16    Spells: 17/32 levels left

rFire    . . .     SeeInvis +   F - staff of cold
rCold    + . .     Gourm    .   (no shield)
rNeg     . . .     Faith    .   p - +2 animal skin
rPois    +         Spirit   .   y - +2 hat
rElec    .         Reflect  .   z - +0 cloak
rCorr    .         Harm     .   (no gloves)
MR       +....                  s - +0 pair of boots
Stlth    +++.......             (no amulet)
HPRegen  0.19/turn              L - ring of see invisible
MPRegen  0.21/turn              q - ring of poison resistance

@: no status effects
A: no striking features
a: Renounce Religion


You were on level 11 of the Dungeon.
You worshipped Vehumet.
Vehumet was pleased with you.
You were hungry.

You visited 2 branches of the dungeon, and saw 12 of its levels.

You collected 662 gold pieces.

Inventory:

Hand Weapons
 i - a +0 short sword
 r - a +1 hunting sling of venom
 R - a +0 long sword
Missiles
 h - 272 stones (quivered)
 k - 129 sling bullets
 A - 204 arrows
 E - 6 javelins
Armour
 b - a +0 ring mail
 p - a +2 animal skin (worn)
 s - a +0 pair of boots (worn)
 w - a +0 crystal plate armour
 y - a +2 hat (worn)
 z - a +0 cloak (worn)
 H - a +0 cloak
 Q - the cursed +1 chain mail "Cenweory" {Dex+5 Slay-6, unknown}
   (You found it on level 9 of the Dungeon)

   It affects your dexterity (+5).
   It affects your accuracy and damage with ranged weapons and melee attacks
   (-6).
   It has a curse placed upon it.
Magical Staves
 F - an uncursed staff of cold (weapon)
Jewellery
 q - a ring of poison resistance (right hand)
 L - a ring of see invisible (left hand)
 T - a +3 ring of strength
Wands
 n - a wand of acid (6)
 M - a wand of iceblast (4)
Scrolls
 f - 9 scrolls of remove curse
 g - 3 scrolls of identify
 o - 6 scrolls of amnesia {unknown}
 t - a scroll of magic mapping
 x - 3 scrolls of blinking
 D - 2 scrolls of fear
 G - a scroll of immolation
 I - a scroll of fog
 J - a scroll of enchant weapon
 O - 2 scrolls of enchant armour
Potions
 c - 3 potions of lignification {unknown}
 e - 4 potions of flight
 j - 3 potions of curing {unknown}
 l - a potion of ambrosia {unknown}
 u - 4 potions of heal wounds
 v - 3 potions of brilliance {unknown}
 B - a potion of mutation {unknown}
 C - a potion of might {unknown}
 K - 3 potions of magic {unknown}
 N - a potion of haste {unknown}
 P - 2 potions of degeneration {unknown}
 S - a potion of resistance {unknown}
Comestibles
 d - 15 rations


   Skills:
 - Level 2.0 Fighting
 - Level 5.0 Dodging
 - Level 6.0 Stealth
 - Level 11.0 Spellcasting
 + Level 15.9 Conjurations
 - Level 1.1 Summonings
 - Level 1.1 Translocations


You had 17 spell levels left.
You knew the following spells:

 Your Spells              Type           Power        Failure   Level  Hunger
a - Magic Dart            Conj           ####         0%          1    None
b - Blink                 Tloc           N/A          4%          2    None
c - Call Imp              Summ           ###.....     4%          2    None
d - Slow                  Hex            ##......     7%          2    None
e - Iskenderun's Mystic   Conj           ######..     1%          4    None
f - Fulminant Prism       Conj/Hex       ######....   1%          4    None

Your spell library contained the following spells:

 Spells                   Type           Power        Failure   Level  Hunger
 Throw Frost              Conj/Ice       ######       1%          2    None
 Searing Ray              Conj           ######       0%          2    None
 Conjure Flame            Conj/Fire      ######..     1%          3    None
 Dazzling Spray           Conj/Hex       ######       1%          3    None
 Mephitic Cloud           Conj/Pois/Air  #####...     1%          3    None
 Force Lance              Conj/Tloc      ######..     1%          4    None
 Beastly Appendage        Tmut           ##....       4%          1    None
 Corona                   Hex            ##.....      4%          1    None
 Infusion                 Chrm           ##..         4%          1    None
 Shroud of Golubria       Chrm/Tloc      ###.......   6%          2    None
 Song of Slaying          Chrm           ##......     7%          2    None
 Sticks to Snakes         Tmut           ##......     7%          2    None
 Portal Projectile        Hex/Tloc       ###...       12%         3    None
 Inner Flame              Hex/Fire       ##......     14%         3    None
 Regeneration             Chrm/Necr      ##........   14%         3    None
 Spectral Weapon          Hex/Chrm       ##......     14%         3    None
 Spider Form              Tmut/Pois      ##........   14%         3    None
 Cause Fear               Hex            ##........   43%         4    None
 Ice Form                 Ice/Tmut       ###.....     43%         4    None
 Leda's Liquefaction      Hex/Erth       ##........   43%         4    None
 Blade Hands              Tmut           ##........   78%         5    ####...


Dungeon Overview and Level Annotations

Branches:
Dungeon (11/15)            Temple (1/1) D:6            Lair (0/6) D:9
    Orc (0/2) D:11

Altars:
Ashenzari
Cheibriados
Dithmenos
Elyvilon
Fedhas
Gozag
Hepliaklqana
Kikubaaqudgha
Makhleb
Nemelex Xobeh
Okawaru
Qazlal
Ru
Sif Muna
Trog
Uskayaw
Vehumet
Wu Jian
Xom
Yredelemnul
Zin
The Shining One

Shops:
D:4 }   D:6 [   D:10 %

Portals:
Ice
Cave: D:11

Annotations:
D:11 1 runed translucent door


Message History

Confirm with . or Enter, or press ? or * to list all spells.
You blink.
There is a stone staircase leading up here.
You climb upwards.
There is a stone staircase leading down here.
You start resting.
HP restored.
You start resting.
Magic restored.
You climb downwards.
You feel a wave of frost pass over you.
There is an entrance to an ice cave on this level.
Hurry and find it before the portal melts!
Level annotation: 1 runed translucent door You hear the quick crackling of a melting archway nearby.
The four-headed hydra bites you! The four-headed hydra bites you.
The four-headed hydra bites you! The four-headed hydra bites you. x2
The four-headed hydra bites you! x2
* * * LOW HITPOINT WARNING * * *
The four-headed hydra bites you!
You die...

##.# #...........#
#..# #...###......
#####.## #...# #..###†
#...#.# ##...###.#####
#...#.###.............
#.........######.##..#
#..............?....##
#...#.##########.####
#...#@# ##..$.#
#...#D# ##.D####
###*#.# #W.##
***##.#####.## ****
#.......a.§.# *,<*
#.........### **,**
#.$......## *,.##
#......###**** *,...
#......#,,,,,* ****#


You could see a four-headed hydra.

Vanquished Creatures
  4 two-headed ogres
  An unseen horror (D:10)
  An ugly thing (D:11)
  A troll (D:10)
  A queen bee (D:9)
  Grinder (D:3)
  2 hippogriffs
  Sigmund (D:2)
  A wraith (D:11)
  3 wyverns
  11 yaks
  Menkaure (D:4)
  A soldier ant (D:10)
  2 sky beasts
  An orc warrior (D:11)
  2 black bears (D:8)
  An ice beast (D:9)
  3 phantoms
  An ogre (D:3)
  4 centaurs
  4 bullfrogs
  2 scorpions
  15 killer bees (D:9)
  2 howler monkeys (D:8)
  3 vampire bats (D:8)
  5 crimson imps
  A centaur zombie (D:11)
  A quasit (D:8)
  3 hounds
  3 jellies
  2 centaur skeletons
  3 orc priests
  2 bullfrog skeletons
  2 iguanas
  Terence (D:2)
  7 orc wizards
  5 worker ants
  Ijyb (D:3)
  A hound zombie (D:6)
  A worker ant zombie (D:8)
  Robin (D:2)
  A howler monkey skeleton (D:7)
  7 adders
  3 shadow imps
  12 white imps (D:11)
  An ooze (D:7)
  2 adder skeletons
  2 worms
  3 dart slugs
  6 leopard geckos
  16 orcs
  5 bats
  4 bat skeletons (D:8)
  2 bat zombies (D:8)
  7 giant cockroaches
  17 goblins
  10 hobgoblins
  8 jackals
  4 quokkas
  2 ball pythons
  3 frilled lizards (D:1)
  9 kobolds
  4 rats
  A fulminant prism (D:3)
237 creatures vanquished.

Vanquished Creatures (collateral kills)
  Duvessa (D:5)
  An ice beast (D:6)
  An orc warrior (D:7)
  2 sky beasts
  A necrophage (D:5)
  2 ogres
  A crocodile (D:7)
  Dowan (D:5)
  A jelly (D:7)
  An iguana (D:5)
  3 worker ants
  2 adders
  An adder skeleton (D:6)
  5 orcs
23 creatures vanquished.

Vanquished Creatures (others)
  A goblin (D:2)
  128 fulminant prisms
129 creatures vanquished.

Grand Total: 389 creatures vanquished

Notes
Turn   | Place    | Note
-------+----------+-------------------------------------------
     0 | D:1      | Luthien the Deep Elf Wizard began the quest for the Orb.
     0 | D:1      | Reached XP level 1. HP: 10/10 MP: 7/7
   149 | D:1      | Reached skill level 2 in Conjurations
   288 | D:1      | Reached XP level 2. HP: 15/15 MP: 5/9
   301 | D:1      | Learned a level 2 spell: Blink
   304 | D:1      | Learned a level 2 spell: Call Imp
   713 | D:1      | Reached skill level 3 in Conjurations
   833 | D:2      | Reached XP level 3. HP: 19/19 MP: 5/10
  1032 | D:2      | Noticed Robin
  1049 | D:2      | Killed Robin
  1052 | D:2      | Reached skill level 4 in Conjurations
  1170 | D:2      | Noticed Sigmund
  1374 | D:2      | Reached XP level 4. HP: 24/24 MP: 10/12
  1378 | D:2      | Learned a level 2 spell: Slow
  1789 | D:2      | Noticed Terence
  2274 | D:3      | Reached skill level 5 in Conjurations
  2359 | D:3      | Reached XP level 5. HP: 24/28 MP: 9/13
  2593 | D:3      | Noticed Grinder
  2595 | D:3      | Paralysed by Grinder for 2 turns
  2976 | D:4      | Noticed Menkaure
  2983 | D:4      | Noticed an ogre
  3000 | D:4      | Killed Menkaure
  3000 | D:4      | Reached skill level 1 in Fighting
  3000 | D:4      | Reached skill level 5 in Spellcasting
  3000 | D:4      | Reached XP level 6. HP: 11/34 MP: 2/15
  3016 | D:5      | Entered Level 5 of the Dungeon
  3470 | D:4      | Found Ubill's Gadget Shop.
  4048 | D:5      | Noticed a sky beast
  4548 | D:5      | Reached XP level 7. HP: 38/38 MP: 9/18
  4765 | D:5      | Reached skill level 5 in Stealth
  4853 | D:5      | Noticed Duvessa
  4856 | D:5      | Noticed Dowan
  4872 | D:5      | Killed Dowan
  4881 | D:5      | Killed Duvessa
  5321 | D:5      | You fall through a shaft for 2 floors!
  5393 | D:7      | Found a glowing golden altar of the Shining One.
  6601 | D:6      | Found a staircase to the Ecumenical Temple.
  6631 | Temple   | Entered the Ecumenical Temple
  6757 | D:6      | Reached XP level 8. HP: 19/43 MP: 9/23
  7180 | D:6      | Learned a level 4 spell: Iskenderun's Mystic Blast
  7192 | D:6      | Found Reuseppi's Armour Shoppe.
  7452 | D:6      | Reached skill level 6 in Conjurations
  7642 | D:6      | Found a burning altar of Makhleb.
  7660 | D:6      | Noticed a cacodemon
  7766 | D:6      | Noticed a hippogriff
  7811 | D:5      | Killed a hippogriff
  7811 | D:5      | Reached skill level 7 in Conjurations
  8117 | D:6      | Reached skill level 8 in Conjurations
  8134 | D:6      | Learned a level 4 spell: Fulminant Prism
  8792 | D:7      | Found an opulent altar of Gozag.
  8845 | D:7      | Reached skill level 9 in Conjurations
  9087 | D:7      | Reached XP level 9. HP: 47/47 MP: 14/24
  9833 | D:3      | Noticed Ijyb
  9843 | D:3      | Killed Ijyb
 10278 | D:3      | Reached skill level 10 in Conjurations
 10282 | D:3      | Found a blossoming altar of Fedhas.
 10284 | D:3      | Found a radiant altar of Vehumet.
 10293 | D:3      | Became a worshipper of Vehumet
 10648 | D:3      | Killed Grinder
 11014 | D:3      | Found a snail-covered altar of Cheibriados.
 11303 | D:2      | Killed Sigmund
 11398 | D:2      | Killed Terence
 11558 | D:8      | Reached skill level 11 in Conjurations
 11897 | D:8      | Noticed a two-headed ogre
 11905 | D:8      | Killed a two-headed ogre
 11905 | D:8      | Reached skill level 12 in Conjurations
 12104 | D:8      | Found a shimmering altar of Xom.
 12232 | D:8      | Reached XP level 10. HP: 37/52 MP: 15/25
 12552 | D:8      | Reached * piety under Vehumet
 12552 | D:8      | Offered knowledge of Freeze by Vehumet.
 12650 | D:8      | Found an ancient bone altar of Kikubaaqudgha.
 12784 | D:9      | Noticed a two-headed ogre
 13186 | D:9      | Reached skill level 10 in Spellcasting
 13301 | D:9      | Reached skill level 5 in Dodging
 13462 | D:9      | Got a distressingly furry chain mail
 13470 | D:9      | Reached skill level 13 in Conjurations
 13596 | D:9      | Killed a two-headed ogre
 13724 | D:9      | Found a bloodstained altar of Trog.
 13756 | D:9      | Found a staircase to the Lair.
 14464 | D:10     | Entered Level 10 of the Dungeon
 14464 | D:10     | Noticed a two-headed ogre
 14477 | D:10     | Killed a two-headed ogre
 14477 | D:10     | Reached skill level 14 in Conjurations
 14659 | D:10     | Offered knowledge of Sandblast by Vehumet.
 14659 | D:10     | Reached XP level 11. HP: 57/57 MP: 22/28
 14774 | D:10     | Noticed an unseen horror
 14809 | D:10     | Killed an unseen horror
 15127 | D:10     | Reached ** piety under Vehumet
 15128 | D:10     | Noticed a two-headed ogre
 15599 | D:10     | Found Igrowink's Food Shop.
 15665 | D:10     | Reached skill level 15 in Conjurations
 15693 | D:10     | Killed a two-headed ogre
 16338 | D:11     | Noticed a purple ugly thing
 16346 | D:11     | Killed a purple ugly thing
 16474 | D:11     | Found a frozen archway.
 16479 | D:11     | Noticed a four-headed hydra
 16498 | D:11     | Offered knowledge of Throw Frost by Vehumet.
 16516 | D:11     | Found a runed translucent door.
 16798 | D:11     | Slain by a four-headed hydra

Skill      XL: |  1  2  3  4  5  6  7  8  9 10 11 |
---------------+----------------------------------+-----
Conjurations   | 2 3 4 5 9 12 14 15 | 15.9
Fighting       | 1 2 |  2.0
Dodging        | 3 4 5 |  5.0
Stealth        | 3 4 5 6 |  6.0
Spellcasting   | 5 6 9 11 | 11.0
Summonings     | |  1.1
Translocations | |  1.1

Action                   |  1- 3 |  4- 6 |  7- 9 | 10-12 || total
-------------------------+-------+-------+-------+-------++-------
Melee: Short sword       |    13 |     4 |       |       ||    17
       Staff             |       |       |    12 |     1 ||    13
Throw: Stone             |     2 |       |       |       ||     2
 Cast: Magic Dart        |    75 |   112 |   195 |    98 ||   480
       Blink             |       |     4 |     9 |    10 ||    23
       Call Imp          |       |    15 |    64 |       ||    79
       Iskenderun's Myst |       |       |    19 |       ||    19
       Fulminant Prism   |       |       |    42 |    87 ||   129
  Use: Scroll            |       |       |     4 |    11 ||    15
       Potion            |       |       |     1 |       ||     1
  Eat: Chunk             |     1 |    10 |    14 |    13 ||    38
       Ration            |       |       |     3 |       ||     3
Armor: Robe              |    11 |       |       |       ||    11
       Animal skin       |       |    13 |    26 |    51 ||    90
Dodge: Dodged            |    30 |    14 |    53 |   117 ||   214
